 Dungeon Crawl Stone Soup version 0.29-a0-243-g602b31c20e (webtiles) character file.

Game seed: 7239382605732410188

2199 spaghetti the Nimble (level 9, -5/54 HPs)
             Began as a Deep Elf Chaos Knight on Mar 4, 2022.
             Was a Plaything of Xom.
             Killed by nerve-wracking pain
             ... invoked by an orc priest
              (14 damage)
             ... on level 7 of the Dungeon.
             The game lasted 00:12:26 (9031 turns).

spaghetti the Nimble (Deep Elf Chaos Knight)        Turns: 9031, Time: 00:12:27

Health: -5/54      AC: 17    Str: 17    XL:     9   Next: 12%
Magic:  12/12      EV: 16    Int: 24    God:    Xom [.....*]
Gold:   1296       SH:  0    Dex: 16    Spells: 8/8 levels left

rFire   . . .      SeeInvis +   a - +0 falchion (chaos) {long}
rCold   + + +      Faith    +   (no shield)
rNeg    . . .      Spirit   .   i - +5 ring mail "Loriluho" {rC++}
rPois   +          Reflect  .   e - +0 hat
rElec   +          Harm     .   (no cloak)
rCorr   .          Rampage  .   v - +0 pair of gloves
Will    +....      Clarity  +   (no boots)
Stlth   +.........              y - amulet of faith {!P}
HPRegen 0.18/turn               g - +6 ring of strength
MPRegen 0.13/turn               (no ring)

@: no status effects
A: claws 1, hooves 1, iridescent scales 3, see invisible, agile 1, clarity,
clever 2, cold resistance 2, high MP 2, strong-willed 1, mutation resistance 1,
poison resistance, electricity resistance, MP-powered wands
a: Renounce Religion


You were on level 7 of the Dungeon.
You worshipped Xom.
You were Xom's teddy bear.
You visited 1 branch of the dungeon, and saw 7 of its levels.

You collected 1296 gold pieces.


Innate Abilities, Weirdness & Mutations

You have sharp fingernails.
You have large cloven feet.
You are completely covered in iridescent scales. (AC +6)
You have supernaturally acute eyesight. (SInv)
You are agile. (Dex +2)
You possess an exceptional clarity of mind.
Your mind is very acute. (Int +4)
Your flesh is very cold resistant. (rC++)
You have a considerably increased reservoir of magic. (+20% MP)
You are strong-willed. (Will+)
You are somewhat resistant to further mutation.
Your system is resistant to poisons. (rPois)
You are resistant to electric shocks. (rElec)
You expend magic power (3 MP) to strengthen your wands.


   Skills:
 + Level 5.3 Fighting
 - Level 5.2 Long Blades
 - Level 0.7 Armour
 + Level 11.6 Dodging


You had 8 spell levels left.
You didn't know any spells.
Your spell library contained the following spells:

 Spells                   Type           Power      Damage    Failure   Level
 Magic Dart               Conj           0%         1d3       26%         1
 Call Imp                 Summ           0%         N/A       38%         2
 Mephitic Cloud           Conj/Pois/Air  0%         N/A       63%         3

Inventory:

Hand Weapons
 a - a +0 falchion of chaos (weapon) {long}
 b - a +2 hunting sling of flaming {sling}
   (You found it on level 1 of the Dungeon)
Missiles
 d - 97 stones (quivered) {throwing}
 k - 2 poisoned darts {throwing}
 o - 4 throwing nets {=f!fthrowing}
 r - a boomerang {throwing}
Armour
 e - a +0 hat (worn)
   (You found it on level 3 of the Dungeon)
 f - a +2 leather armour
 i - the +5 ring mail "Loriluho" (worn) {rC++}
   (You found it on level 2 of the Dungeon)

   rC:        It greatly protects you from cold.
 v - a +0 pair of gloves (worn)
   (You found it on level 5 of the Dungeon)
Magical Staves
 D - a staff of poison {!astaff}
   (Xom gifted it to you on level 6 of the Dungeon)
Jewellery
 g - a +6 ring of strength (left hand)
   (You found it on level 2 of the Dungeon)
 u - a ring of willpower
   (You took it off a goblin on level 3 of the Dungeon)
 y - an amulet of faith (around neck) {!P}
   (You found it on level 5 of the Dungeon)
 C - a ring of poison resistance
   (You took it off an orc wizard on level 6 of the Dungeon)
Wands
 l - a wand of iceblast (18)
   (You found it on level 2 of the Dungeon)
Scrolls
 j - 3 scrolls of amnesia
 m - 2 scrolls of enchant armour
 p - 2 scrolls of teleportation {@r4}
 q - a scroll of enchant weapon
 s - 2 scrolls of blinking {!r}
 E - a scroll of identify {@r1}
Potions
 c - 3 potions of curing {@q1}
 h - 2 potions of brilliance {unknown}
 n - 4 potions of lignification {unknown}
 t - 2 potions of mutation {unknown}
 w - 3 potions of heal wounds {unknown}
 x - a potion of degeneration {unknown}
 z - a potion of might {unknown}
 B - a potion of magic {unknown}
Miscellaneous
 A - a condenser vane
   (Xom gifted it to you on level 5 of the Dungeon)

Dungeon Overview and Level Annotations

Branches:
Dungeon (7/15)             Temple (0/1) D:5

Altars:
Okawaru
Xom

Shops:
D:1

[ ##...##
#.### ##.##
....########.#
#.#.##.......#
#.#.##.#######
#.#.##.# ##.
#§#$##.#
.....##§#§##.#
#.o.oo@.§...#
###.####§####
#.# #.# ..#
###


You could see an orc priest and an orc.


Message History

Your butterfly disappears in a puff of smoke!
Your butterfly disappears in a puff of smoke!
Your butterfly disappears in a puff of smoke!
Key pressed, stopping explore.
You now have 1296 gold pieces (gained 10).
Key pressed, stopping explore.
An orc warrior comes into view. It is wielding a +0 trident.
The orc warrior shouts!
An orc priest comes into view. It is wielding a +0 mace.
An orc comes into view. It is wielding a +0 short sword.
The orc shouts!
The orc priest shouts!
An orc comes into view. It is wielding a +0 flail.
The orc warrior hits you from afar with a +0 trident. 😕 HP[-6]
You take 6 damage, and now have 48/54 hp.
The orc shouts!
An orc comes into view. It is wielding a +0 club.
The orc warrior misses you.
The orc shouts!
You hit the orc warrior.
The orc warrior is poisoned.
You kick the orc warrior, but do no damage.
The orc warrior misses you.
You hit the orc warrior but do no damage.
The orc warrior easily resists.
The orc warrior hits you with a +0 trident!
You are too injured to fight recklessly! 😮 HP[-10]
You take 10 damage, and now have 38/54 hp.
You are too injured to fight recklessly!
You are too injured to fight recklessly!
You are too injured to fight recklessly!
You are too injured to fight recklessly!
You are too injured to fight recklessly!
You are too injured to fight recklessly!
You are too injured to fight recklessly!
You are too injured to fight recklessly!
You are too injured to fight recklessly!
You are too injured to fight recklessly!
You are too injured to fight recklessly!
You are too injured to fight recklessly!
You are too injured to fight recklessly!
You are too injured to fight recklessly!
You are too injured to fight recklessly!
You are too injured to fight recklessly!
Unknown command.
You barely miss the orc warrior.
You kick the orc warrior, but do no damage.
The orc warrior hits you with a +0 trident. 😮 HP[-3]
You take 3 damage, and now have 35/54 hp.
You hit the orc warrior but do no damage.
The orc warrior looks as sick as possible!
Your kick misses the orc warrior. "Forecast: mostly cloudy."
The orc warrior hits you but does no damage.
You barely miss the orc warrior. The orc warrior closely misses you.
You hit the orc warrior. You freeze the orc warrior.
You kick the orc warrior, but do no damage.
The orc warrior hits you with a +0 trident!
* * * LOW HITPOINT WARNING * * *
😨 HP[-12]
You take 12 damage, and now have 23/54 hp.
MASSIVE DAMAGE!! (PAUSE)
You closely miss the orc warrior.
You hit the orc warrior but do no damage.
The orc warrior hits you with a +0 trident.
* * * LOW HITPOINT WARNING * * *
The orc hits you but does no damage. 😨 HP[-4]
You take 4 damage, and now have 19/54 hp.
You hit the orc warrior.
The orc warrior seems to slow down.
You kick the orc warrior, but do no damage.
The orc hits you but does no damage.
You barely miss the orc warrior. You kick the orc warrior.
The orc warrior hits you with a +0 trident.
* * * LOW HITPOINT WARNING * * *
The orc closely misses you. 😨 HP[-1]
You take 1 damage, and now have 18/54 hp.
You closely miss the orc warrior.
You kick the orc warrior, but do no damage.
You kill the orc warrior!
You slash the orc!
You kill the orc!
You hit the orc. Lightning courses through the orc!
You kill the orc! 😨 HP[+1]
You slash the orc! Lightning courses through the orc!
You kill the orc!
The orc priest mumbles some strange prayers to Beogh against you.
Beogh smites you!
* * * LOW HITPOINT WARNING * * *
😱 HP[-10]
You take 10 damage, and now have 9/54 hp.
Nothing appears to happen.
An orc comes into view. It is wielding a +0 dagger.
You barely miss the orc priest.
The orc priest invokes the aid of Beogh against you.
Pain shoots through your body!
You die...

Skill      XL: |  1  2  3  4  5  6  7  8 |
---------------+-------------------------+-----
Long Blades    | 3 4 5 |  5.2
Dodging        | 5 7 9 11 | 11.6
Fighting       | 5 |  5.3
Armour         | |  0.7

Action                   |  1- 3 |  4- 6 |  7- 9 || total
-------------------------+-------+-------+-------++-------
Melee: Falchion          |    99 |   297 |   228 ||   624
       Punch             |       |     2 |     6 ||     8
       Kick              |       |       |    22 ||    22
 Fire: Hunting sling     |     3 |    22 |       ||    25
Evoke: Wand              |       |       |     3 ||     3
       Condenser vane    |       |       |     1 ||     1
  Use: Scroll            |     3 |     7 |     2 ||    12
       Potion            |       |     4 |       ||     4
 Stab: Paralysed         |       |       |     6 ||     6
       Confused          |       |       |     1 ||     1
       Petrified         |       |       |     1 ||     1
Armor: Leather armour    |    26 |       |       ||    26
       Ring mail         |     8 |   241 |    90 ||   339
Dodge: Dodged            |    57 |   266 |   157 ||   480

Levels and vault maps discovered:
D:1:      lightli_arrival_boilingwater, layout_basic,
          ebering_ecumenical_altar_ruins, serial_bayou, serial_bayou_pond_c,
          serial_bayou_lagoon_a, serial_bayou_shore_b, serial_bayou_pond_a,
          serial_bayou_lagoon_b, serial_shops, shop,
          nicolae_concentric_dashed_squares_mild
D:2:      layout_basic
D:3:      kennysheep_goblin_castle, layout_loops_ring
D:4:      layout_rooms, mainiacjoe_overflow_paths
D:5:      layout_loops_ring, minmay_temple_entry_waves,
          cheibrodos_sewer_entry_drain
D:6:      layout_basic, lemuel_flame_loot_1
D:7:      layout_loops_ring, serial_shops, nicolae_shop_statue_plus

Notes
Turn   | Place    | Note
-------+----------+-------------------------------------------
     0 | D:1      | spaghetti the Deep Elf Chaos Knight began the quest for the
                  | Orb.
     0 | D:1      | Reached XP level 1. HP: 13/13 MP: 3/3
     0 | D:1      | magus.rc [v1.9.6]
    73 | D:1      | XOM: potion effect (curing)
   145 | D:1      | Found Beakod's Armour Boutique.
   214 | D:1      | Reached skill level 3 in Long Blades
   247 | D:1      | Found a faded altar of an unknown god.
   384 | D:1      | Reached XP level 2. HP: 18/18 MP: 4/4
   999 | D:1      | XOM: divination: magic mapping
  1156 | D:2      | XOM: cast spell 'Discord'
  1157 | D:2      | Reached skill level 4 in Long Blades
  1157 | D:2      | Reached XP level 3. HP: 11/22 MP: 5/5
  1497 | D:2      | Identified the +5 ring mail "Loriluho" {rC++}
  1797 | D:2      | Reached XP level 4. HP: 27/27 MP: 6/6
  2219 | D:2      | XOM: noise
  2227 | D:2      | XOM: summons 4 friendly demons
  2234 | D:2      | Reached skill level 5 in Long Blades
  2587 | D:3      | You pick up a book of Minor Magic and begin reading...
  2587 | D:3      | You add the spells Magic Dart, Call Imp and Mephitic Cloud
                  | to your library.
  2780 | D:3      | Reached XP level 5. HP: 29/31 MP: 7/7
  2987 | D:3      | XOM: summons 3 hostile demons
  3419 | D:3      | Reached skill level 3 in Dodging
  3881 | D:3      | XOM: divination: detect items
  4040 | D:3      | Noticed Robin
  4084 | D:3      | Killed Robin
  4457 | D:4      | XOM: fog
  4476 | D:4      | Reached skill level 4 in Dodging
  4558 | D:4      | XOM: give mutations
  4558 | D:4      | Gained mutation: You are partially covered in iridescent
                  | scales. (AC +2) [Xom's grace]
  4558 | D:4      | Gained mutation: Your mind is acute. (Int +2) [Xom's grace]
  4675 | D:4      | XOM: give mutations
  4675 | D:4      | Gained mutation: You are strong-willed. (Will+) [Xom's
                  | grace]
  4675 | D:4      | Gained mutation: You are mostly covered in iridescent
                  | scales. (AC +4) [Xom's grace]
  4919 | D:4      | XOM: divine lightning
  4938 | D:4      | XOM: smoke on damage
  4948 | D:4      | Reached skill level 5 in Dodging
  4948 | D:4      | Reached XP level 6. HP: 14/36 MP: 8/8
  5150 | D:4      | Found an iron altar of Okawaru.
  5380 | D:4      | XOM: give mutations
  5380 | D:4      | Gained mutation: You possess an exceptional clarity of
                  | mind. [Xom's grace]
  5380 | D:4      | Gained mutation: You have an increased reservoir of magic.
                  | (+10% MP) [Xom's grace]
  5380 | D:4      | Gained mutation: Your flesh is cold resistant. (rC+) [Xom's
                  | grace]
  5380 | D:4      | Gained mutation: You are resistant to electric shocks.
                  | (rElec) [Xom's grace]
  5397 | D:4      | XOM: god gift: 914 gold pieces
  5507 | D:5      | Entered Level 5 of the Dungeon
  5609 | D:5      | Reached skill level 6 in Dodging
  5613 | D:5      | HP: 9/36 [poisoned by a scorpion]
  5844 | D:4      | XOM: scenery: create altars
  5966 | D:5      | XOM: god gift: 12 stones
  5975 | D:5      | XOM: fog
  5977 | D:5      | Reached skill level 7 in Dodging
  5977 | D:5      | Reached XP level 7. HP: 15/40 MP: 9/9
  5980 | D:5      | HP: 10/40 [poisoned by a scorpion]
  6088 | D:5      | XOM: 1-stop teleportation journey
  6492 | D:5      | Noticed a shapeshifter
  6492 | D:5      | a gnoll changed into a shapeshifter
  6492 | D:5      | Noticed a jumping spider
  6492 | D:5      | a shapeshifter changed into a jumping spider
  6497 | D:5      | Killed a jumping spider
  6498 | D:5      | Reached skill level 8 in Dodging
  6564 | D:5      | XOM: 7-stop teleportation journey
  6604 | D:5      | Found a staircase to the Ecumenical Temple.
  6673 | D:5      | XOM: god gift: 14 stones
  6700 | D:5      | Reached skill level 9 in Dodging
  6886 | D:5      | XOM: god gift: condenser vane
  6918 | D:5      | XOM: cloud trail
  7003 | D:5      | XOM: confuse monster(s)
  7277 | D:5      | XOM: give mutations
  7277 | D:5      | Gained mutation: You are completely covered in iridescent
                  | scales. (AC +6) [Xom's grace]
  7277 | D:5      | Gained mutation: You have sharp fingernails. [Xom's grace]
  7584 | D:6      | XOM: divine lightning
  7587 | D:6      | XOM: cast spell 'Summon Cactus Giant'
  7591 | D:6      | Reached XP level 8. HP: 34/45 MP: 10/10
  7634 | D:6      | Reached skill level 3 in Fighting
  7960 | D:6      | Reached skill level 10 in Dodging
  8135 | D:6      | XOM: fog
  8139 | D:6      | Reached skill level 4 in Fighting
  8156 | D:6      | XOM: cloud trail
  8175 | D:6      | XOM: god gift: staff of poison
  8185 | D:6      | XOM: give mutations
  8185 | D:6      | Gained mutation: Your mind is very acute. (Int +4) [Xom's
                  | grace]
  8185 | D:6      | Gained mutation: You have a considerably increased
                  | reservoir of magic. (+20% MP) [Xom's grace]
  8190 | D:6      | XOM: smoke on damage
  8195 | D:6      | XOM: confuse monster(s)
  8196 | D:6      | XOM: give mutations
  8196 | D:6      | Gained mutation: Your flesh is very cold resistant. (rC++)
                  | [Xom's grace]
  8196 | D:6      | Gained mutation: You expend magic power (3 MP) to
                  | strengthen your wands. [Xom's grace]
  8196 | D:6      | Gained mutation: You have large cloven feet. [Xom's grace]
  8196 | D:6      | Gained mutation: You have supernaturally acute eyesight.
                  | (SInv) [Xom's grace]
  8742 | D:6      | XOM: give mutations
  8742 | D:6      | Gained mutation: Your system is resistant to poisons.
                  | (rPois) [Xom's grace]
  8742 | D:6      | Gained mutation: You are agile. (Dex +2) [Xom's grace]
  8742 | D:6      | Gained mutation: You are somewhat resistant to further
                  | mutation. [Xom's grace]
  8778 | D:7      | XOM: summons 8 friendly demons
  8785 | D:7      | Reached skill level 11 in Dodging
  8793 | D:7      | Reached skill level 5 in Fighting
  8793 | D:7      | Reached XP level 9. HP: 54/54 MP: 12/12
  8937 | D:7      | XOM: scenery: summon butterflies
  9019 | D:7      | XOM: fog
  9029 | D:7      | HP: 9/54 [orc priest/divine providence (10)]
  9031 | D:7      | Killed from afar by an orc priest

Vanquished Creatures
  A jumping spider (shapeshifter) (D:5)
  A water moccasin (D:6)
  2 orc warriors
  An ice beast (D:6)
  An ogre (D:6)
  A phantom (D:6)
  A necrophage (D:5)
  5 scorpions
  2 jellies
  6 hounds
  3 orc wizards
  An iguana (D:6)
  Robin (D:3)
  9 adders
  5 gnolls
  An ufetubus (D:4)
  3 worms
  2 dart slugs
  14 orcs
  6 bats
  5 endoplasms
  9 giant cockroaches
  19 goblins
  10 hobgoblins
  3 jackals (D:3)
  2 quokkas
  8 ball pythons
  3 frilled lizards
  8 kobolds
  7 rats
140 creatures vanquished.

Vanquished Creatures (collateral kills)
  2 sky beasts
  4 wights (D:7)
  A gnoll shaman (D:7)
  10 gnolls
  An adder (D:6)
18 creatures vanquished.

Vanquished Creatures (others)
  A black bear (D:6)
  A scorpion (D:4)
  A gnoll (D:2)
  A ball python (D:4)
  A plant (D:1)
5 creatures vanquished.

Grand Total: 163 creatures vanquished

Table legend:
 A = Non-vault XP
 B = Vault XP
 C = Vault XP percentage of total XP
 D = Non-vault monster count
 E = Vault monster count
 F = Vault count percentage of total count
                 A         B        C        D         E       F
            +---------+---------+-------+---------+---------+-------
      Total |    3084 |      58 |   1.8 |     135 |      24 |  15.1
            +---------+---------+-------+---------+---------+-------
        D:1 |      37 |       0 |   0.0 |      25 |       0 |   0.0
        D:2 |     143 |       0 |   0.0 |      21 |       0 |   0.0
        D:3 |      53 |      54 |  50.5 |      18 |      21 |  53.8
        D:4 |     170 |       0 |   0.0 |      15 |       0 |   0.0
        D:5 |     898 |       4 |   0.4 |      18 |       3 |  14.3
        D:6 |    1079 |       0 |   0.0 |      21 |       0 |   0.0
        D:7 |     704 |       0 |   0.0 |      17 |       0 |   0.0
            +---------+---------+-------+---------+---------+-------

Illustrated notes

Table legend:
 A = Kills in this place as a percentage of kills in entire the game.
 B = Kills by you in this place as a percentage of kills by you in the entire game.
 C = Kills by friends in this place as a percentage of kills by friends in the entire game.
 D = Other kills in this place as a percentage of other kills in the entire game.
 E = Experience gained in this place as a percentage of experience gained in the entire game.
 F = Experience gained in this place divided by the number of levels of this place that you have seen.
                   A       B       C       D       E      F
               +-------+-------+-------+-------+-------+----------------------
         Total | 100.0 | 100.0 | 100.0 | 100.0 | 100.0 | 448.9
       Dungeon | 100.0 | 100.0 | 100.0 | 100.0 | 100.0 | 448.9
               +-------+-------+-------+-------+-------+----------------------

Table legend: (Time is in decaauts)
 A = Elapsed time spent in this place.
 B = Non-inter-level travel time spent in this place.
 C = Inter-level travel time spent in this place.
 D = Time resting spent in this place.
 E = Time spent auto-exploring this place.
 F = Levels seen in this place.
 G = Mean time per level.
                   A        B        C        D        E       F      G
               +--------+--------+--------+--------+--------+-----+--------+
         Total |   9079 |   8777 |    302 |   2463 |   5000 |   7 | 1297.0 |
       Dungeon |   9079 |   8777 |    302 |   2463 |   5000 |   7 | 1297.0 |
               +--------+--------+--------+--------+--------+-----+--------+

Top non-repeatable levels by time:
     D:3: 1924 daAuts
     D:5: 1624 daAuts
     D:6: 1428 daAuts
     D:1: 1374 daAuts
     D:4: 1261 daAuts
     D:2: 1212 daAuts
     D:7: 254 daAuts
